 Dungeon Crawl Stone Soup version 0.28.0-53-g5a82cb258f (webtiles) character file.

Game seed: 17062350685190921229

534 cbfl8 the Chopper (level 7, -1/61 HPs)
             Began as a Minotaur Fighter on July 19, 2022.
             Was an Initiate of Yredelemnul.
             Succumbed to a water moccasin's poison
             ... on level 5 of the Dungeon.
             The game lasted 00:04:39 (4291 turns).

cbfl8 the Chopper (Minotaur Fighter)                Turns: 4291, Time: 00:04:39

Health: -1/61      AC:  9    Str: 20    XL:     7   Next: 4%
Magic:  6/6        EV:  6    Int:  5    God:    Yredelemnul [......]
Gold:   219        SH:  9    Dex: 12    Spells: 6/6 levels left

rFire   . . .      SeeInvis .   n - +0 war axe (vorpal)
rCold   . . .      Faith    .   e - +0 kite shield
rNeg    . . .      Spirit   .   f - +0 chain mail
rPois   .          Reflect  .   (helmet restricted)
rElec   .          Harm     .   (no cloak)
rCorr   .          Rampage  .   (no gloves)
Will    .....                   (no boots)
Stlth   ..........              (no amulet)
HPRegen 0.20/turn               (no ring)
MPRegen 0.10/turn               (no ring)

@: lethally poisoned (-1 -> -30)
A: horns 2, retaliatory headbutt
a: Renounce Religion, Recall Undead Harvest


You were on level 5 of the Dungeon.
You worshipped Yredelemnul.
Yredelemnul was noncommittal.
You visited 2 branches of the dungeon, and saw 6 of its levels.

You collected 245 gold pieces.
You spent 26 gold pieces at shops.

Inventory:

Hand Weapons
 a - a +0 war axe
 n - a +0 vorpal war axe (weapon)
Armour
 b - a +0 scale mail
 c - a +0 buckler
 e - a +0 kite shield (worn)
 f - a +0 chain mail (worn)
Scrolls
 d - a scroll of summoning {unknown}
 g - 5 scrolls of identify
 h - 2 scrolls of immolation
 k - 2 scrolls of fog
 m - a scroll of holy word {unknown}
 p - a scroll of magic mapping {unknown}
Potions
 j - 2 potions of ambrosia
 l - a potion of flight {unknown}
 o - a potion of mutation {unknown}


   Skills:
 + Level 5.2 Fighting
 + Level 5.9 Axes
 + Level 5.3 Armour
 + Level 1.7 Dodging
 + Level 0.6 Stealth
 + Level 5.1 Shields


You had 6 spell levels left.
You didn't know any spells.
Your spell library was empty.

Dungeon Overview and Level Annotations

Branches:
Dungeon (5/15)             Temple (1/1) D:5

Altars:
Ashenzari
Fedhas
Nemelex Xobeh
Qazlal
Trog
Uskayaw
Vehumet
Yredelemnul
Zin

Shops:
D:2 ?


Innate Abilities, Weirdness & Mutations

You have a pair of horns on your head.
You reflexively headbutt those who attack you in melee.


Message History

The water moccasin is heavily wounded.
You feel very sick. The water moccasin bites you.
You are more poisoned.
The water moccasin poisons you! The water moccasin bites you.
You are lethally poisoned!
The water moccasin poisons you!
You barely miss the water moccasin.
The water moccasin is heavily wounded.
You feel extremely sick.
The water moccasin bites you but does no damage. x2
You barely miss the water moccasin.
The water moccasin is heavily wounded.
* * * LOW HITPOINT WARNING * * *
You feel extremely sick.
The water moccasin completely misses you.
The water moccasin barely misses you.
You barely miss the water moccasin.
The water moccasin is heavily wounded.
* * * LOW HITPOINT WARNING * * *
You feel very sick. The water moccasin bites you.
* * * LOW HITPOINT WARNING * * *
The water moccasin bites you but does no damage.
It was a potion of ambrosia.
You are confused.
You feel invigorated.
* * * LOW HITPOINT WARNING * * *
You feel very sick. The water moccasin bites you.
* * * LOW HITPOINT WARNING * * *
You are more poisoned.
The water moccasin poisons you!
The water moccasin bites you but does no damage.
It was a potion of cancellation.
Your magical effects are unravelling.
You feel magically purged.
You feel less invigorated.
You feel less confused.
You die...
Your body rises from the dead as a mindless zombie.

#.#####..###..##.#.#
..............##.#.###.
.........###............
######..## ##........###
#..# #.####.#.# #..# #.#
.# # #..# #.# .#
#..#####.## #
#.>@S...... #.######.##
#. #. ##


You could see a water moccasin.

Vanquished Creatures
  A scorpion (D:3)
  2 water moccasin skeletons (D:5)
  A howler monkey (D:4)
  A bullfrog skeleton (D:5)
  2 orc priests (D:3)
  2 hounds
  An orc wizard (D:3)
  4 gnolls
  3 adders
  An ufetubus (D:3)
  An adder skeleton (D:4)
  2 worms (D:2)
  A dart slug (D:2)
  9 orcs
  6 ball pythons
  3 bats
  7 endoplasms
  2 giant cockroaches
  7 goblins
  8 hobgoblins
  6 jackals
  A kobold (D:2)
  2 quokkas
  3 frilled lizards
  10 rats
86 creatures vanquished.

Vanquished Creatures (others)
  A fungus (D:1)
  A plant (D:1)
2 creatures vanquished.

Grand Total: 88 creatures vanquished

Notes
Turn   | Place    | Note
-------+----------+-------------------------------------------
     0 | D:1      | cbfl8 the Minotaur Fighter began the quest for the Orb.
     0 | D:1      | Reached XP level 1. HP: 19/19 MP: 0/0
   249 | D:1      | Reached XP level 2. HP: 22/27 MP: 1/1
   439 | D:1      | Found a faded altar of an unknown god.
   961 | D:2      | Found Fahautt's Magic Scroll Emporium.
   988 | D:2      | Found a radiant altar of Vehumet.
   997 | D:2      | Bought a scroll of identify for 26 gold pieces
  1063 | D:2      | Reached XP level 3. HP: 28/33 MP: 2/2
  1631 | D:2      | Reached XP level 4. HP: 3/40 MP: 3/3
  2100 | D:3      | Noticed a scorpion
  2107 | D:3      | Killed a scorpion
  2108 | D:3      | Reached XP level 5. HP: 33/46 MP: 4/4
  2333 | D:3      | Reached skill level 5 in Axes
  2340 | D:3      | Reached skill level 1 in Dodging
  2848 | D:3      | Reached XP level 6. HP: 34/52 MP: 5/5
  3456 | D:4      | Found a sparkling altar of Nemelex Xobeh.
  3560 | D:4      | Reached skill level 5 in Shields
  3650 | D:4      | Reached skill level 5 in Armour
  3982 | D:5      | Entered Level 5 of the Dungeon
  4002 | D:5      | Found a staircase to the Ecumenical Temple.
  4060 | Temple   | Entered the Ecumenical Temple
  4067 | Temple   | Became a worshipper of Yredelemnul the Dark
  4185 | D:5      | Reached skill level 5 in Fighting
  4185 | D:5      | Reached XP level 7. HP: 53/61 MP: 6/6
  4290 | D:5      | HP: 2/61 [water moccasin (6)]
  4291 | D:5      | Succumbed to a water moccasin's poison

Illustrated notes

Levels and vault maps discovered:
D:1:      ncdulo_wetmaze, layout_loops_ring,
          shapermc_ecumenical_altar_mp_ritualfount
D:2:      kennysheep_big_flooded_room, layout_rooms, serial_shops, shop,
          basic_altar, corexii_hall_statues_s
D:3:      layout_basic
D:4:      layout_rooms, nemelex_spade_bored_becter
D:5:      layout_loops_ring, minmay_temple_entry_waves, serial_shops,
          nicolae_shop_bloodbath_and_beyond
Temple:   cyrus_circular_temple

Skill      XL: |  1  2  3  4  5  6 |
---------------+-------------------+-----
Shields        | 4 5 |  5.1
Armour         | 4 5 |  5.3
Axes           | 3 4 5 |  5.9
Fighting       | 4 5 |  5.2
Dodging        | 1 |  1.7
Stealth        | |  0.6

Action                   |  1- 3 |  4- 6 |  7- 9 || total
-------------------------+-------+-------+-------++-------
Melee: War axe           |    82 |   106 |     7 ||   195
       Headbutt          |    11 |    17 |     1 ||    29
  Use: Scroll            |     3 |       |       ||     3
       Potion            |     2 |       |     2 ||     4
 Stab: Invisible         |     1 |       |       ||     1
Armor: Scale mail        |    26 |    18 |       ||    44
       Chain mail        |       |    32 |     4 ||    36
Dodge: Dodged            |    35 |    39 |     3 ||    77
Block: Buckler           |     5 |       |       ||     5
       Kite shield       |    32 |    49 |     4 ||    85
